 Dungeon Crawl Stone Soup version 0.28-a0-1613-gdaab1c2f9b (webtiles) character file.

Game seed: 13339173667034921148

1353 murtidash the Cutter (level 8, -1/21 (63) HPs)
             Began as a Vine Stalker Brigand on Jan 21, 2022.
             Slain by Duvessa (4 damage)
             ... on level 5 of the Dungeon.
             The game lasted 00:09:52 (4610 turns).

murtidash the Cutter (Vine Stalker Brigand)         Turns: 4610, Time: 00:09:53

HP:   -1/21 (63)    AC: 24    Str: 12 (15) XL:     8   Next: 63%
MP:   0/9           EV:  2    Int: 10 (11) God:
Gold: 267           SH:  0    Dex: 14 (17) Spells: 7/7 levels left

rFire   . . .      SeeInvis .   a - +2 dagger
rCold   . . .      Faith    .   (no shield)
rNeg    . . .      Spirit   +   (armour currently unavailable)
rPois   +          Reflect  .   (helmet currently unavailable)
rElec   .          Harm     .   (cloak currently unavailable)
rCorr   .          Rampage  .   (gloves currently unavailable)
Will    +....      NoTele   +   (boots currently unavailable)
Stlth   +++.......              (no amulet)
HPRegen 0.87/turn               (no ring)
MPRegen 0.11/turn               (no ring)

@: mighty, brilliant, tree-form, extremely drained
A: stationary, stasis, torment immunity, boosted hp, (fangs 3), regeneration 1,
magic shield, (antimagic bite), no potion heal 2, (horns 1), mutation resistance
1
a: no special abilities


You were on level 5 of the Dungeon.
You were a tree.
You visited 1 branch of the dungeon, and saw 5 of its levels.

You collected 267 gold pieces.

Inventory:

Hand Weapons
 a - a +2 dagger (weapon)
 h - a +0 dagger of holy wrath
   (You took it off a kobold on level 1 of the Dungeon)
Missiles
 d - 17 poisoned darts
 e - 2 curare-tipped darts
 u - 3 atropa-tipped darts
Armour
 c - a +0 cloak (melded)
 l - the +1 Delatra's gloves (melded) {ID++}
   (You found it on level 2 of the Dungeon)

   It heals its wearer when they drink unknown potions.
   It restores its wearer's MP when they read unknown scrolls.
 p - a +0 scale mail
   (You took it off Terence on level 2 of the Dungeon)
 q - a +1 robe of positive energy (melded)
   (You took it off Jessica on level 2 of the Dungeon)
Wands
 b - a wand of paralysis (7)
   (You found it on level 3 of the Dungeon)
 r - a wand of acid (4)
   (You found it on level 3 of the Dungeon)
 t - a wand of mindburst (12)
   (You found it on level 4 of the Dungeon)
Scrolls
 f - 3 scrolls of identify {unknown}
 g - 3 scrolls of amnesia {unknown}
 k - 2 scrolls of blinking {unknown}
 o - a scroll of vulnerability {unknown}
 w - a scroll of immolation {unknown}
 x - a scroll of enchant armour {unknown}
 y - 2 scrolls of noise {unknown}
Potions
 i - 3 potions of brilliance
 j - a potion of mutation {!q}
 m - a potion of ambrosia
 n - a potion of degeneration {!q}
 z - a potion of attraction {unknown}


   Skills:
 - Level 4.0 Fighting
 * Level 7.3 Short Blades
 - Level 1.7 Throwing
 + Level 3.7 Dodging
 - Level 6.1 Stealth


You had 7 spell levels left.
You didn't know any spells.
Your spell library contained the following spells:

 Spells                   Type           Power      Damage    Failure   Level
 Dazzling Flash           Conj/Hex       0%         N/A       75%         3
 Portal Projectile        Hex/Tloc       0%         N/A       75%         3
 Iskenderun's Mystic Bla  Conj/Tloc      0%         2d3       98%         4
 Olgreb's Toxic Radiance  Pois           0%         N/A       98%         4
 Blade Hands              Tmut           0%         N/A       100%        5
 Excruciating Wounds      Necr           0%         N/A       100%        5
 Starburst                Conj/Fire      0%         6d3       100%        6
 Ozocubu's Refrigeration  Ice            0%         4d5       100%        7
 Ignition                 Fire           0%         3d3       100%        8


Dungeon Overview and Level Annotations

Branches:
Dungeon (5/15)
 Temple: D:4-7

Altars:
Fedhas
Gozag

Annotations:
D:5 Duvessa


Innate Abilities, Weirdness & Mutations

You are a tree.
Your roots penetrate the ground, keeping you stationary.
You cannot be teleported.
You are immune to unholy pain and torment.
Your maximum health is greatly increased.
Your equipment is partially melded.
((You have razor-sharp teeth.))
Your natural rate of healing is unusually fast.
When hurt, damage is shared between your health and your magic reserves.
((Your bite disrupts and absorbs the magic of your enemies.))
Potions cannot restore your health.
((You have a pair of small horns on your head.))
You are somewhat resistant to further mutation.


Message History

Duvessa hits you with a +0 rapier of draining.
You partially resist.
You feel drained.
You regained 19 hp, and now have 27/36 hp.
You completely miss Duvessa. Duvessa closely misses you.
You hit Duvessa. Duvessa closely misses you.
You closely miss Duvessa. You bite Duvessa. You drain her power.
You feel invigorated.
Duvessa hits you with a +0 rapier of draining!
You partially resist.
You feel drained.
You take 10 damage, and have 18/35 hp.
MASSIVE DAMAGE!!
You now have 0/9 mp.
You hit Duvessa. Your bite misses Duvessa.
Duvessa hits you with a +0 rapier of draining!
* * * LOW HITPOINT WARNING * * *
You partially resist.
You feel drained.
You take 15 damage, and have 3/33 hp.
MASSIVE DAMAGE!!
It was a potion of mutation.
You feel extremely strange. A pair of horns grows on your head!
You feel genetically stable.
The energy of discovery flows from your fingertips!
You feel much better. Duvessa closely misses you.
Duvessa hits you with a +0 rapier of draining!!
Ouch! That really hurt!
* * * LOW HITPOINT WARNING * * *
You partially resist.
You feel drained.
* * * LOW HITPOINT WARNING * * *
You regained 2 hp, and now have 5/31 hp.
You now have 0/9 mp.
It was a potion of ambrosia.
You are confused.
Your system rejects the healing.
You feel invigorated.
The energy of discovery flows from your fingertips!
You feel much better. Duvessa completely misses you.
You regained 19 hp, and now have 24/31 hp.
You regained 3 mp, and now have 3/9 mp.
You barely miss Duvessa. You bite Duvessa. You drain her power.
You feel invigorated.
Duvessa is no longer covered in acid.
Duvessa hits you with a +0 rapier of draining!
You partially resist.
You feel drained.
You take 5 damage, and have 19/30 hp.
You regained 4 mp, and now have 7/9 mp.
You barely miss Duvessa. Your punch misses Duvessa. Duvessa barely misses you.
MP restored: 9 You're too confused to move!
Duvessa barely misses you.
Duvessa hits you with a +0 rapier of draining!
You partially resist.
You feel drained.
You take 6 damage, and have 13/28 hp.
MASSIVE DAMAGE!!
You now have 6/9 mp.
Duvessa hits you with a +0 rapier of draining!
You partially resist.
You feel drained.
You take 4 damage, and have 9/27 hp.
Duvessa hits you with a +0 rapier of draining.
* * * LOW HITPOINT WARNING * * *
You partially resist.
You feel drained.
You take 1 damage, and have 8/26 hp.
You regained 2 mp, and now have 8/9 mp.
Duvessa hits you but does no damage. You partially resist.
MP restored: 9 It was a potion of degeneration.
There was something very wrong with that liquid.
You feel weakened.
You feel dopey.
You feel clumsy.
The energy of discovery flows from your fingertips!
You feel much better.
Duvessa hits you with a +0 rapier of draining!
You partially resist.
You feel drained.
Duvessa hits you with a +0 rapier of draining!
* * * LOW HITPOINT WARNING * * *
You partially resist.
You feel drained.
* * * LOW HITPOINT WARNING * * *
You take 5 damage, and have 4/22 hp.
MASSIVE DAMAGE!!
You now have 2/9 mp.
It was a potion of heal wounds.
That seemed strangely inert.
The energy of discovery flows from your fingertips!
You feel much better.
Duvessa hits you with a +0 rapier of draining!
You partially resist.
You feel drained.
* * * LOW HITPOINT WARNING * * *
You regained 2 hp, and now have 6/20 hp.
It was a potion of lignification.
You turn into a tree.
Your +0 cloak melds into your body.
The +1 Delatra's gloves {ID++} melds into your body.
Your +1 robe of positive energy melds into your body.
You feel less protected from negative energy.
Your roots penetrate the ground.
You feel less invigorated.
You feel less confused. Duvessa barely misses you.
Duvessa hits you but does no damage.
You feel drained.
You now have 10/28 hp.
You hit Duvessa. Duvessa hits you but does no damage.
You feel drained.
You hit Duvessa but do no damage. Duvessa completely misses you.
You hit Duvessa.
Duvessa hits you with a +0 rapier of draining!
* * * LOW HITPOINT WARNING * * *
You feel drained.
* * * LOW HITPOINT WARNING * * *
You take 10 damage, and have 1/24 hp.
MASSIVE DAMAGE!!
You now have 1/9 mp.
It was a potion of might.
You feel very mighty all of a sudden. Duvessa hits you but does no damage.
You feel drained.
Okay, then.
Okay, then.
Sorry, you're not good enough to have a special ability.
Aim: Duvessa, wielding a +0 rapier of draining and wearing a +0 leather armour (heavily wounded, berserk, chance to affect: 31%) Duvessa easily resists.
Duvessa hits you but does no damage.
You feel drained.
Duvessa hits you with a +0 rapier of draining.
You die...

.#### .# ##......... ##
#.......... ##
##........... .#
##............ ##
#............. #
#............. #
###.............
####......♣........
###...##...e.......<.
###...#####............
###...### #.....)......
....### ##.........##
##### ###.####### # ###


You could see Duvessa (berserk).

Vanquished Creatures
  Sigmund (D:5)
  A sky beast (D:5)
  3 ogres
  A kobold brigand (D:4)
  Blork the orc (D:5)
  2 scorpions (D:5)
  A water moccasin skeleton (D:5)
  Dowan (D:5)
  A centaur zombie (D:5)
  A jelly (D:5)
  2 hounds (D:4)
  Jessica (D:2)
  4 iguanas
  Terence (D:2)
  An orc wizard (D:2)
  2 hound skeletons
  2 gnolls (D:3)
  7 adders
  A white imp (D:4)
  2 worms
  A dart slug (D:3)
  4 orcs
  7 ball pythons
  7 bats
  7 endoplasms
  3 giant cockroaches
  7 goblins
  9 hobgoblins
  12 jackals
  2 quokkas
  5 frilled lizards
  9 kobolds
  8 rats
117 creatures vanquished.

Notes
Turn   | Place    | Note
-------+----------+-------------------------------------------
     0 | D:1      | murtidash the Vine Stalker Brigand began the quest for the
                  | Orb.
     0 | D:1      | Reached XP level 1. HP: 11/11 MP: 2/2
   126 | D:1      | Reached skill level 2 in Short Blades
   177 | D:1      | Reached skill level 5 in Stealth
   178 | D:1      | Reached XP level 2. HP: 11/15 MP: 1/3
   562 | D:1      | Reached XP level 3. HP: 14/18 MP: 4/4
   981 | D:1      | Reached skill level 3 in Short Blades
  1329 | D:2      | Found the +1 Delatra's gloves {ID++}
  1344 | D:2      | Gained mutation: Your natural rate of healing is unusually
                  | fast. [Vine Stalker growth]
  1344 | D:2      | Reached XP level 4. HP: 14/23 MP: 2/5
  1598 | D:2      | Noticed Terence
  1743 | D:2      | Killed Terence
  1893 | D:2      | Reached skill level 6 in Stealth
  1893 | D:2      | Reached XP level 5. HP: 14/26 MP: 4/6
  1980 | D:2      | Noticed Jessica
  1991 | D:2      | Killed Jessica
  1992 | D:2      | Reached skill level 4 in Short Blades
  2274 | D:3      | Found a blossoming altar of Fedhas.
  2300 | D:3      | Found a faded altar of an unknown god.
  2440 | D:3      | Reached skill level 1 in Dodging
  2468 | D:3      | Reached skill level 2 in Fighting
  2742 | D:3      | Reached XP level 6. HP: 30/30 MP: 7/7
  3253 | D:4      | HP: 3/30 [ogre (21)]
  3307 | D:4      | Reached skill level 5 in Short Blades
  3413 | D:4      | Reached skill level 2 in Dodging
  3413 | D:4      | Reached XP level 7. HP: 29/35 MP: 5/8
  3735 | D:4      | Reached skill level 3 in Fighting
  3898 | D:5      | Entered Level 5 of the Dungeon
  3990 | D:5      | HP: 4/36 [ogre (20)]
  4008 | D:5      | Found an opulent altar of Gozag.
  4104 | D:5      | Reached skill level 6 in Short Blades
  4133 | D:5      | Gained mutation: You have razor-sharp teeth. [Vine Stalker
                  | growth]
  4133 | D:5      | Reached XP level 8. HP: 37/42 MP: 9/9
  4155 | D:5      | Reached skill level 3 in Dodging
  4414 | D:5      | Noticed Blork the orc
  4423 | D:5      | Killed Blork the orc
  4424 | D:5      | Reached skill level 4 in Fighting
  4447 | D:5      | Noticed Sigmund
  4451 | D:5      | Killed Sigmund
  4452 | D:5      | Reached skill level 7 in Short Blades
  4574 | D:5      | Noticed Dowan
  4576 | D:5      | Noticed Duvessa
  4581 | D:5      | Killed Dowan
  4594 | D:5      | HP: 3/35 [Duvessa (15)]
  4595 | D:5      | Gained mutation: You have a pair of small horns on your
                  | head. [potion of mutation]
  4595 | D:5      | Gained mutation: You are somewhat resistant to further
                  | mutation. [potion of mutation]
  4603 | D:5      | HP: 4/22 [Duvessa (2)]
  4608 | D:5      | HP: 2/27 [Duvessa (9)]
  4610 | D:5      | Slain by Duvessa

Illustrated notes

Levels and vault maps discovered:
D:1:      matt_arrival_diagonals, layout_loops_ring, grunt_decor_arrowhead
D:2:      layout_basic, pf_guarded_unrand_delatra, uniq_jessica, uniq_terence
D:3:      layout_loops_corners, mainiacjoe_overflow_chevrons,
          basic_ecumenical_altar, corexii_shack, minmay_fractal_squares_5
D:4:      layout_basic, minmay_ruptured
D:5:      layout_cave_pods, nicolae_gozag_seed_capital, uniq_sigmund,
          uniq_blork_the_orc, uniq_duvessa

Skill      XL: |  1  2  3  4  5  6  7  8 |
---------------+-------------------------+-----
Short Blades   | 2 3 4 5 6 7 |  7.3
Stealth        | 5 6 |  6.1
Dodging        | 1 2 3 |  3.7
Fighting       | 2 3 4 |  4.0
Throwing       | |  1.7

Action                   |  1- 3 |  4- 6 |  7- 9 || total
-------------------------+-------+-------+-------++-------
Melee: Dagger            |    98 |   237 |   152 ||   487
       Bite              |    16 |    63 |    51 ||   130
       Punch             |       |     4 |     5 ||     9
Evoke: Wand              |       |       |     5 ||     5
  Use: Potion            |       |       |     7 ||     7
 Stab: Sleeping          |     9 |    12 |     9 ||    30
Armor: Robe              |    18 |    39 |    36 ||    93
       Scale mail        |       |     5 |       ||     5
       Skin              |       |       |     4 ||     4
Dodge: Dodged            |    44 |    91 |    63 ||   198

Table legend: (Time is in decaauts)
 A = Elapsed time spent in this place.
 B = Non-inter-level travel time spent in this place.
 C = Inter-level travel time spent in this place.
 D = Time resting spent in this place.
 E = Time spent auto-exploring this place.
 F = Levels seen in this place.
 G = Mean time per level.
                   A        B        C        D        E       F      G
               +--------+--------+--------+--------+--------+-----+--------+
         Total |   4502 |   4306 |    196 |      0 |   3203 |   5 |  900.4 |
       Dungeon |   4502 |   4306 |    196 |      0 |   3203 |   5 |  900.4 |
               +--------+--------+--------+--------+--------+-----+--------+

Top non-repeatable levels by time:
     D:1: 1215 daAuts
     D:2: 937 daAuts
     D:3: 919 daAuts
     D:4: 755 daAuts
     D:5: 675 daAuts

Table legend:
 A = Kills in this place as a percentage of kills in entire the game.
 B = Kills by you in this place as a percentage of kills by you in the entire game.
 C = Kills by friends in this place as a percentage of kills by friends in the entire game.
 D = Other kills in this place as a percentage of other kills in the entire game.
 E = Experience gained in this place as a percentage of experience gained in the entire game.
 F = Experience gained in this place divided by the number of levels of this place that you have seen.
                   A       B       C       D       E      F
               +-------+-------+-------+-------+-------+----------------------
         Total | 100.0 | 100.0 |   N/A |   N/A | 100.0 | 386.8
       Dungeon | 100.0 | 100.0 |   N/A |   N/A | 100.0 | 386.8
               +-------+-------+-------+-------+-------+----------------------
